 Dungeon Crawl Stone Soup version 0.18-a0-917-g8a3da5b (webtiles) character file.

99 JokEr the Poker (level 4, -1/38 HPs)
             Began as a Merfolk Fighter on Dec 26, 2015.
             Killed from afar by Sigmund (7 damage)
             ... with a magic dart
             ... on level 2 of the Dungeon.
             The game lasted 00:02:42 (2114 turns).

JokEr the Poker (Merfolk Fighter)                   Turns: 2114, Time: 00:02:42

Health: -1/38      AC:  8    Str: 22    XL:     4   Next: 72%
Magic:  4/4        EV:  7    Int:  7    God:
Gold:   66         SH:  0    Dex: 13    Spells: 0 memorised, 3 levels left

rFire  . . .     SeeInvis .     a - +0 trident
rCold  . . .     Gourm    .     b - +0 scale mail
rNeg   . . .     Faith    .     c - +0 shield
rPois  .         Spirit   .     (no helmet)
rElec  .         Dismiss  .     g - +0 cloak
rCorr  .         Reflect  .     e - +0 pair of gloves
SustAt .         Harm     .     (no boots)
MR     .....                    (no amulet)
Stlth  ..........               (no ring)
                                (no ring)

@: confused, mighty, not resistant to hostile enchantments, extremely unstealthy
A: change form in water, swift swim
a: no special abilities


You were on level 2 of the Dungeon.
You were not hungry.

You visited 1 branch of the dungeon, and saw 2 of its levels.

You collected 66 gold pieces.

Inventory:

Hand Weapons
 a - a +0 trident (weapon)
Armour
 b - a +0 scale mail (worn)
 c - a +0 shield (worn)
 e - a +0 pair of gloves (worn)
 g - a +0 cloak (worn)
Jewellery
 j - an uncursed ring of protection from cold {unknown}
 n - an uncursed amulet of the gourmand {unknown}
Scrolls
 h - a scroll of magic mapping
 i - a scroll of identify {unknown}
 k - 2 scrolls of remove curse {unknown}
 l - a scroll of fear
Potions
 d - 2 potions of might
 p - a potion of invisibility {unknown}
Comestibles
 f - 3 bread rations
 m - a chunk of flesh
 o - a meat ration


   Skills:
 + Level 4.8 Fighting
 + Level 5.1 Polearms
 - Level 2.1 Armour
 - Level 3.0 Shields


You had 3 spell levels left.
You didn't know any spells.

Dungeon Overview and Level Annotations

Branches:
Dungeon (2/15)

Altars:
Xom

Annotations:
D:2 Sigmund


Message History

You hear some strange, mumbled words.
A magic dart appears from out of thin air!
The magic dart hits you!
You closely miss something. Something hits you!
You puncture something! Something hits you!
You barely miss something. Something completely misses you.
You hit something.
You hear some strange, mumbled words.
You are confused.
You hear some strange, mumbled words.
You are more confused.
You're too confused to move!
Something hits you!
* * * LOW HITPOINT WARNING * * *
You puncture something! Something hits you but does no damage.
You're too confused to move!
Something hits you.
* * * LOW HITPOINT WARNING * * *
Something hits you but does no damage.
A magic dart appears from out of thin air!
The magic dart hits you!
You die...

####........(.# # ##
#..........#.#
.###.......[.....
..(...........#..##
....###....#### ..##
............### ...
..............###.# ..
............#...#.###..##
..###....#....#.@........
......##.#.....##.##.....
##..(.##.###.#..#.# ...
......##.###.##...........
....#..#.....# ##..#......
....##...##### #..#......
...#####.##### ###.#.>.....
.............###...........
<..#####..##...............


There were no monsters in sight!

Vanquished Creatures
  2 adders
  4 gnolls (D:2)
  A worm (D:2)
  2 giant geckos (D:1)
  4 hobgoblins
  7 bats
  4 giant newts
  2 goblins (D:1)
  4 jackals
  4 kobolds
  9 rats
43 creatures vanquished.

Notes
Turn   | Place    | Note
--------------------------------------------------------------
     0 | D:1      | JokEr the Merfolk Fighter began the quest for the Orb.
     0 | D:1      | Reached XP level 1. HP: 18/18 MP: 1/1
   193 | D:1      | Reached XP level 2. HP: 24/24 MP: 2/2
   627 | D:1      | Reached skill level 4 in Fighting
  1098 | D:1      | Reached XP level 3. HP: 30/30 MP: 3/3
  1776 | D:2      | Found a shimmering altar of Xom.
  1856 | D:2      | Reached XP level 4. HP: 36/38 MP: 4/4
  1872 | D:2      | Reached skill level 5 in Polearms
  2095 | D:2      | Noticed Sigmund
  2114 | D:2      | Killed from afar by Sigmund

Vault maps used:
D:1:      lemuel_arrival_room
D:2:      xom_teletrap_fun, first_bread, uniq_sigmund

Action                   |  1- 3 |  4- 6 || total
-------------------------+-------+-------++-------
Melee: Trident           |   129 |    23 ||   152
  Use: Scroll            |     2 |       ||     2
       Potion            |     1 |     1 ||     2
  Eat: Chunk             |     3 |     1 ||     4
